 Dungeon Crawl Stone Soup version 0.19.5 (webtiles) character file.

1472 geeseburger the Basher (level 8, -2/83 (84) HPs)
             Began as an Ogre Gladiator on May 13, 2017.
             Was a Follower of Uskayaw.
             Killed from afar by bobbobbob's ghost (7 damage)
             ... with a magic dart
             ... on level 5 of the Dungeon.
             The game lasted 00:26:33 (4941 turns).

geeseburger the Basher (Ogre Gladiator)             Turns: 4941, Time: 00:26:33

HP:   -2/83 (84)    AC:  4    Str: 23    XL:     8   Next: 78%
MP:   5/11          EV: 11    Int:  7    God:    Uskayaw [*.....]
Gold: 275           SH:  0    Dex: 10    Spells: 0 memorised, 7 levels left

rFire  . . .     SeeInvis .     a - +1 flail
rCold  . . .     Gourm    .     s - +0 robe
rNeg   . . .     Faith    .     (no shield)
rPois  .         Spirit   .     c - +0 hat
rElec  .         Reflect  .     m - +0 cloak
rCorr  .         Harm     .     (gloves unavailable)
MR     .....                    (boots unavailable)
Stlth  +.........               (no amulet)
                                (no ring)
                                (no ring)

@: lethally poisoned (-2 -> -3), drained
A: unfitting armour, tough skin 1
a: Stomp, Renounce Religion


You were on level 5 of the Dungeon.
You worshipped Uskayaw.
Uskayaw was noncommittal.
You were hungry.

You visited 1 branch of the dungeon, and saw 5 of its levels.

You collected 275 gold pieces.

Inventory:

Hand Weapons
 a - a +1 flail (weapon)
 j - a +0 mace
Missiles
 d - 3 throwing nets (quivered)
Armour
 b - a +0 robe
 c - a +0 hat (worn)
 m - a +0 cloak (worn)
 p - a cursed +0 ring mail
 s - a +0 robe (worn)
 t - a +0 pair of boots
Jewellery
 w - a cursed ring of loudness {unknown}
Scrolls
 e - 2 scrolls of fear
 i - a scroll of enchant weapon
 k - a scroll of teleportation
 o - a scroll of recharging
Potions
 g - 4 potions of agility {unknown}
 h - a potion of mutation {unknown}
 l - a potion of flight {unknown}
 r - a potion of heal wounds {unknown}
Books
 v - a book of Changes

   Spells                             Type                      Level
   a - Beastly Appendage              Transmutation                1
   b - Sticks to Snakes               Transmutation                2
   c - Spider Form                    Transmutation/Poison         3
   d - Ice Form                       Ice/Transmutation            4
   e - Blade Hands                    Transmutation                5
Comestibles
 f - 3 bread rations
 n - a fruit


   Skills:
 + Level 6.7(5.6) Fighting
 + Level 9.5(8.4) Maces & Flails
 + Level 2.2(1.3) Throwing
 + Level 4.8(3.8) Dodging
 + Level 1.6(0.7) Stealth
 * Level 4.5(3.6) Invocations


You had 7 spell levels left.
You didn't know any spells.

Dungeon Overview and Level Annotations

Branches:
Dungeon (5/15)             Temple (0/1) D:4

Altars:
Nemelex Xobeh
Qazlal
Sif Muna
Uskayaw
The Shining One

Annotations:
D:5 bobbobbob's ghost, novice DrCj


Innate Abilities, Weirdness & Mutations

You are too large for most types of armour.
You have tough skin. (AC +1)


Message History

You hit bobbobbob's ghost.
Bobbobbob's ghost is severely damaged.
Bobbobbob's ghost casts a spell at you. The magic dart hits you!
* * * LOW HITPOINT WARNING * * *
You can now pass through a line of other dancers.
You barely miss bobbobbob's ghost.
Bobbobbob's ghost is severely damaged.
Bobbobbob's ghost casts a spell at you. The magic dart hits you!
* * * LOW HITPOINT WARNING * * *
You stomp with the beat, sending a shockwave through the revelers around you!
Bobbobbob's ghost is severely damaged.
You are feeling hungry.
You can no longer pass through a line of other dancers.
You feel sick.
Bobbobbob's ghost whispers, "Soon you will have time, lots of time..."
Bobbobbob's ghost casts a spell at you. The magic dart hits you!
You die...

...# #. ...## ..
.... #o ... #. ..
#. ##.## #.####.
#...#
)......###W#.####.
#...@.......
##.####.####.
##...## .#
##.....##.###
###........#...
.............#
####.......#.#
##.....##.#
##.......####.


You could see bobbobbob's ghost.

Vanquished Creatures
  The ghost of Stendarr the Conjurer, a novice HEAE of Okawaru (D:3)
  Menkaure (D:5)
  4 ogres
  A phantom (D:4)
  A necrophage (D:4)
  A scorpion (D:5)
  A crimson imp (D:4)
  A bullfrog skeleton (D:5)
  4 iguanas
  An orc wizard (D:5)
  A hound skeleton (D:4)
  A howler monkey skeleton (D:4)
  8 adders
  An adder skeleton (D:4)
  9 worms
  6 dart slugs
  5 leopard geckos
  8 orcs
  3 giant cockroaches
  13 goblins
  10 hobgoblins
  10 jackals
  A quokka (D:3)
  A bat (D:3)
  8 frilled lizards
  A goblin skeleton (D:4)
  2 hobgoblin zombies (D:4)
  3 kobolds
  A kobold zombie (D:4)
  4 orc skeletons (D:4)
  8 rats
120 creatures vanquished.

Notes
Turn   | Place    | Note
-------+----------+-------------------------------------------
     0 | D:1      | geeseburger the Ogre Gladiator began the quest for the Orb.
     0 | D:1      | Reached XP level 1. HP: 22/22 MP: 1/1
    70 | D:1      | Reached XP level 2. HP: 29/31 MP: 2/2
   386 | D:1      | Reached XP level 3. HP: 28/37 MP: 3/3
  1564 | D:2      | Reached XP level 4. HP: 34/45 MP: 4/4
  1596 | D:2      | Found a hide-covered altar of Uskayaw.
  1596 | D:2      | Found a deep blue altar of Sif Muna.
  1608 | D:2      | Became a worshipper of Uskayaw the Reveler
  1686 | D:2      | Reached * piety under Uskayaw
  1688 | D:2      | Reached skill level 5 in Maces & Flails
  1688 | D:2      | Reached ** piety under Uskayaw
  2240 | D:3      | Reached skill level 1 in Invocations
  2263 | D:3      | Reached XP level 5. HP: 47/53 MP: 1/5
  2472 | D:3      | Noticed Stendarr's ghost (novice HEAE)
  2480 | D:3      | Killed Stendarr's ghost
  2480 | D:3      | Reached skill level 5 in Fighting
  2480 | D:3      | Reached skill level 7 in Maces & Flails
  2480 | D:3      | Reached XP level 6. HP: 17/66 MP: 2/8
  2480 | D:3      | Reached XP level 7. HP: 18/72 MP: 2/9
  2481 | D:3      | Reached *** piety under Uskayaw
  2482 | D:3      | HP: 2/72 [worm (10)]
  2978 | D:3      | Found a sparkling altar of Nemelex Xobeh.
  3291 | D:4      | Reached skill level 8 in Maces & Flails
  3417 | D:4      | Reached skill level 1 in Stealth
  3417 | D:4      | Reached XP level 8. HP: 77/82 MP: 10/10
  3654 | D:4      | Found a staircase to the Ecumenical Temple.
  3966 | D:4      | Found a stormy altar of Qazlal.
  3988 | D:4      | Found a glowing golden altar of the Shining One.
  3995 | D:4      | Reached **** piety under Uskayaw
  4407 | D:5      | Entered Level 5 of the Dungeon
  4415 | D:5      | Reached skill level 9 in Maces & Flails
  4669 | D:5      | Noticed Menkaure
  4681 | D:5      | Killed Menkaure
  4915 | D:5      | Noticed bobbobbob's ghost (novice DrCj)
  4941 | D:5      | Killed from afar by bobbobbob's ghost

Skill      XL: |  1  2  3  4  5  6  7  8 |
---------------+-------------------------+-----
Fighting       | 3 5 6 |  6.7
Dodging        | 3 4 |  4.8
Maces & Flails | 5 7 8 9 |  9.5
Invocations    | 1 2 3 4 |  4.5
Stealth        | 1 |  1.6
Throwing       | |  2.2

Action                   |  1- 3 |  4- 6 |  7- 9 || total
-------------------------+-------+-------+-------++-------
Melee: Flail             |   117 |    84 |   192 ||   393
Throw: Throwing net      |     1 |       |       ||     1
Invok: Stomp             |       |     3 |     3 ||     6
  Use: Scroll            |     1 |     6 |     1 ||     8
 Stab: Sleeping          |     1 |       |       ||     1
       Paralysed         |       |       |     5 ||     5
  Eat: Bread ration      |     1 |       |     1 ||     2
       Fruit             |       |     1 |     1 ||     2
       Beef jerky        |       |       |     1 ||     1
       Pizza             |       |       |     1 ||     1
Armor: Robe              |    37 |    24 |    27 ||    88
Dodge: Dodged            |    52 |    54 |    72 ||   178
